 Dungeon Crawl Stone Soup version 0.19.1 (webtiles) character file.

191 Dfrag the Grave Robber (level 5, 0/42 HPs)
             Began as a Deep Dwarf Necromancer on Nov 25, 2016.
             Slain by a mummy (17 damage)
             ... in an ossuary.
             The game lasted 00:05:52 (2507 turns).

Dfrag the Grave Robber (Deep Dwarf Necromancer)     Turns: 2507, Time: 00:05:53

Health: 0/42       AC:  2    Str: 12    XL:     5   Next: 42%
Magic:  11/11      EV: 12    Int: 16    God:
Gold:   208        SH:  0    Dex: 13    Spells: 3 memorised, 4 levels left

rFire  . . .     SeeInvis +     j - +0 short sword (speed)
rCold  . . .     Gourm    .     a - +0 robe
rNeg   . . .     Faith    .     (no shield)
rPois  .         Spirit   .     (no helmet)
rElec  .         Reflect  .     (no cloak)
rCorr  .         Harm     .     (no gloves)
MR     .....                    (no boots)
Stlth  +++.......               (no amulet)
                                q - ring of see invisible
                                w - ring of stealth

@: non-regenerating
A: damage resistance, recharge devices, sense surroundings 1, slow regeneration
3
a: Device Recharging


You were in an ossuary.
You were not hungry.

You visited 1 branch of the dungeon, and saw 4 of its levels.
You also visited: Ossuary.

You collected 208 gold pieces.

Inventory:

Hand Weapons
 j - a +0 short sword of speed (weapon)
Armour
 a - a +0 robe (worn)
Jewellery
 l - an uncursed ring of positive energy
 q - a ring of see invisible (right hand)
 w - a ring of stealth (left hand)
Wands
 c - a wand of heal wounds (4/9)
 u - a wand of random effects (32/48)
Scrolls
 g - 3 scrolls of identify {unknown}
 i - 3 scrolls of amnesia {unknown}
 m - a scroll of remove curse {unknown}
 o - 2 scrolls of fear {unknown}
 r - a scroll of magic mapping {unknown}
 s - a scroll of immolation {unknown}
 t - a scroll of teleportation {unknown}
Potions
 e - a potion of lignification {unknown}
 h - a potion of curing {unknown}
 n - a potion of agility {unknown}
 v - a potion of flight {unknown}
 z - a potion of beneficial mutation {unknown}
Books
 b - a book of Necromancy

   Spells                             Type                      Level
   a - Pain                           Necromancy                   1
   b - Animate Skeleton               Necromancy                   1
   c - Vampiric Draining              Necromancy                   3
   d - Regeneration                   Charms/Necromancy            3
   e - Animate Dead                   Necromancy                   4
   f - Control Undead                 Necromancy                   4
Comestibles
 d - 2 bread rations
 f - 3 meat rations
 k - a slice of pizza
 p - a royal jelly
 A - 4 fruits


   Skills:
 - Level 2.1 Dodging
 - Level 2.4 Stealth
 * Level 4.0 Spellcasting
 + Level 5.5 Necromancy


You had 4 spell levels left.
You knew the following spells:

 Your Spells              Type           Power        Failure   Level  Hunger
a - Pain                  Necr           ###.         1%          1    None
b - Vampiric Draining     Necr           ###.......   6%          3    ###....
c - Control Undead        Necr           ###.......   17%         4    ####...


Dungeon Overview and Level Annotations

Branches:
Dungeon (4/15)
 Temple: D:4-7

Altars:
Ashenzari
Okawaru
Xom


Innate Abilities, Weirdness & Mutations

You are resistant to damage.
You can recharge devices by infusing magical energy.
You passively map a small area around you.
You do not regenerate.


Message History

Anything else - Cancel.
Gang up on whom?
Press: ? - help, Dir - move target cursor, f - troll zombie
Aim: a troll zombie (resting) Attack!
You swap places.
You swap places.
You open the door.
You feel a bit more experienced.
You start waiting.
Eating one of 2 chunks of flesh.
You start eating one of the 2 chunks of flesh.
This raw flesh tastes terrible.
All of the chunks of flesh in your inventory have rotted away.
Done waiting.
A hobgoblin zombie comes into view.
A mummy comes into view.
You open the door.
A kobold zombie comes into view.
A goblin zombie comes into view.
The mummy hits you!!
You die...

##################
#∩................
,
#.......Z.@M......
#..###Z###+###+###
#..#Z..#, , ,,,* ,
, #..#.#+#* **
#..#. * #..###, *
, #..'.# * ,
#..#.#, ,* ,
#..#Z#*


You could see a mummy, a goblin zombie and a kobold zombie.

Vanquished Creatures
  A hound (D:4)
  An orc priest (D:4)
  Jessica (D:3)
  A mummy (Ossuary)
  4 adders
  An adder zombie (Ossuary)
  A worm (D:2)
  A dart slug (D:3)
  2 leopard geckos
  5 orcs (D:4)
  A ball python (D:2)
  2 bats (D:2)
  A giant cockroach (D:3)
  A gnoll zombie (Ossuary)
  4 goblins
  3 hobgoblins
  3 jackals (D:1)
  7 kobolds
  4 quokkas
  5 frilled lizards
  A goblin zombie (Ossuary)
  A kobold zombie (Ossuary)
  A quokka zombie (Ossuary)
  5 rats
  3 rat zombies (Ossuary)
60 creatures vanquished.

Vanquished Creatures (collateral kills)
  An adder zombie (Ossuary)
  A goblin zombie (Ossuary)
  A kobold zombie (Ossuary)
3 creatures vanquished.

Grand Total: 63 creatures vanquished

Notes
Turn   | Place    | Note
-------+----------+-------------------------------------------
     0 | D:1      | Dfrag the Deep Dwarf Necromancer began the quest for the Orb.
     0 | D:1      | Reached XP level 1. HP: 15/15 MP: 3/3
   283 | D:1      | Reached XP level 2. HP: 20/22 MP: 3/5
   697 | D:2      | Reached XP level 3. HP: 26/28 MP: 0/6
   798 | D:2      | Found a shattered altar of Ashenzari.
  1022 | D:3      | Found a faded altar of an unknown god.
  1063 | D:3      | Reached skill level 5 in Necromancy
  1132 | D:3      | Noticed Jessica
  1149 | D:3      | Killed Jessica
  1149 | D:3      | Reached XP level 4. HP: 31/36 MP: 0/8
  1187 | D:3      | Found an iron altar of Okawaru.
  2042 | D:4      | Learned a level 3 spell: Vampiric Draining
  2047 | D:4      | Learned a level 4 spell: Control Undead
  2065 | D:4      | Reached XP level 5. HP: 29/42 MP: 0/10
  2100 | D:4      | Found a shimmering altar of Xom.
  2104 | D:4      | Found a shimmering altar of Xom.
  2105 | D:4      | Found a shimmering altar of Xom.
  2173 | D:4      | Found a sand-covered staircase.
  2241 | Ossuary  | Entered an ossuary
  2507 | Ossuary  | Slain by a mummy

Skill      XL: |  1  2  3  4  5 |
---------------+----------------+-----
Spellcasting   | 2 3 4 |  4.0
Necromancy     | 5 |  5.5
Dodging        | |  2.1
Stealth        | |  2.4

Action                   |  1- 3 |  4- 6 || total
-------------------------+-------+-------++-------
Melee: Unarmed           |     2 |       ||     2
       Short sword       |    15 |    37 ||    52
 Cast: Pain              |    68 |    34 ||   102
       Vampiric Draining |       |     2 ||     2
       Control Undead    |       |     3 ||     3
Evoke: Wand              |       |     1 ||     1
 Stab: Distracted        |       |     1 ||     1
  Eat: Chunk             |     1 |     5 ||     6
Armor: Robe              |     5 |     7 ||    12
Dodge: Dodged            |    16 |    53 ||    69
